 Dungeon Crawl Stone Soup version 0.15-a0-2075-ga361405 (webtiles) character file.

230 N00bl0rd the Grave Robber (level 5, -3/28 HPs)
             Began as a Deep Elf Necromancer on July 14, 2014.
             Slain by Prince Ribbit (5 damage)
             ... on Level 4 of the Dungeon.
             The game lasted 00:10:35 (2745 turns).

N00bl0rd the Grave Robber (Deep Elf Necromancer)    Turns: 2745, Time: 00:10:35

HP  -3/28        AC  3     Str  5      XL: 5   Next: 72%
MP   2/20        EV 13     Int 21      God:
Gold 117         SH  0     Dex 15      Spells:  6 memorised,  0 levels left

rFire  . . .     SeeInvis .     y - +0 halberd (flame)
rCold  . . .     Clarity  .     a - +0 robe
rNeg   . . .     rCorr    .     (no shield)
rPois  .         rRot     .     s - +0 helmet
rElec  .         Spirit   .     (no cloak)
SustAb .         Warding  .     (no gloves)
rMut   .         Stasis   .     (no boots)
Gourm  .                        u - amulet of faith
MR     .....                    (no ring)
                                r - ring of wizardry

@: not resistant to hostile enchantments, unstealthy
A: no striking features
a: no special abilities


You were on level 4 of the Dungeon.
You were hungry.

You visited 1 branch of the dungeon, and saw 4 of its levels.

You collected 117 gold pieces.

Inventory:

Hand weapons
 y - a +0 halberd of flaming (weapon)
Armour
 a - a +0 robe (worn)
 s - a +0 helmet (worn)
Magical devices
 w - a wand of disintegration (3)
Comestibles
 c - 3 bread rations
 f - a slice of pizza
 l - a beef jerky
 n - a chunk of bat flesh
 t - a rotting chunk of gnoll flesh
Scrolls
 d - a scroll of enchant armour {unknown}
 g - a scroll of blinking {unknown}
 j - a scroll of immolation {unknown}
 m - 2 scrolls of identify {unknown}
 p - a scroll of teleportation {unknown}
 q - a scroll of magic mapping {unknown}
 x - a scroll of noise {unknown}
Jewellery
 r - a ring of wizardry (left hand)
 u - an amulet of faith (around neck)
Potions
 e - 2 potions of porridge
 i - a potion of restore abilities {unknown}
 k - a potion of invisibility {unknown}
 o - 3 potions of agility {unknown}
 v - a potion of curing {unknown}
Books
 b - a book of Necromancy

   Spells                             Type                      Level
   *Pain                              Necromancy                   1
   *Animate Skeleton                  Necromancy                   1
   *Vampiric Draining                 Necromancy                   3
   *Regeneration                      Charms/Necromancy            3
   *Animate Dead                      Necromancy                   4
   *Control Undead                    Necromancy                   4


   Skills:
 + Level 2.4 Dodging
 - Level 2.4 Stealth
 + Level 6.1 Spellcasting
 * Level 6.9 Necromancy


You couldn't memorise any spells.
You knew the following spells:

 Your Spells              Type           Power        Failure   Level  Hunger
a - Pain                  Necr           ####         1%          1    None
b - Animate Skeleton      Necr           N/A          1%          1    None
c - Vampiric Draining     Necr           #####.....   1%          3    ##.....
d - Regeneration          Chrm/Necr      ###.......   4%          3    ##.....
e - Control Undead        Necr           #####.....   3%          4    ####...
f - Animate Dead          Necr           N/A          3%          4    ####...


Dungeon Overview and Level Annotations

Branches:
Dungeon (4/15)
 Temple: D:4-7

Altars:
Makhleb

Annotations:
D:4 Edmund, Prince Ribbit


Message History

Aim: Edmund, wielding a dire flail and wearing a runed ring mail (heavily wounded) Edmund convulses in agony!
Edmund hits you with a dire flail!
Casting: Pain
Confirm with . or Enter, or press ? or * to list all spells.
Aiming: Pain
Press: ? - help, Shift-Dir - straight line, f/p - Edmund
Aim: Edmund, wielding a dire flail and wearing a runed ring mail (heavily wounded) Edmund convulses in agony!
Edmund hits you with a dire flail!
* * * LOW HITPOINT WARNING * * *
Edmund says, "Everyone always remembers my brother. 'Who's Edmund?' they ask!"
You are feeling hungry.
Casting: Pain
Confirm with . or Enter, or press ? or * to list all spells.
Aiming: Pain
Press: ? - help, Shift-Dir - straight line, f/p - Edmund
Aim: Edmund, wielding a dire flail and wearing a runed ring mail (severely wounded) Edmund convulses in agony!
Prince Ribbit comes into view.
Prince Ribbit hits you.
You die...

#........
#....<...
#....)...
#........ #
########........
#.
##...............
..
#..##########..##
#.##.##@.........
#..#
#.....@F........
#..#
#..#####........
...# #........
#.## #....... #.#
####### .


You could see Edmund and Prince Ribbit.

Vanquished Creatures
  An orc wizard (D:3)
  An adder (D:3)
  7 gnolls (D:3)
  A giant mite (D:2)
  4 worms
  An adder skeleton (D:4)
  4 orcs (D:3)
  7 bats
  8 goblins
  14 hobgoblins
  6 jackals
  3 quokkas
  A ball python (D:3)
  2 giant cockroaches
  A giant gecko (D:2)
  3 giant newts (D:1)
  11 kobolds
  A quokka skeleton (D:4)
  9 rats
85 creatures vanquished.

Vanquished Creatures (collateral kills)
  A gnoll (D:3)
  An adder (D:3)
  A giant gecko (D:2)
  An ooze (D:1)
  A bat (D:4)
  A giant cockroach (D:2)
  A giant newt (D:2)
  A jackal (D:2)
  A rat (D:2)
9 creatures vanquished.

Vanquished Creatures (others)
  An adder skeleton (D:3)
  3 bat skeletons
  A giant cockroach zombie (D:4)
  A giant newt skeleton (D:1)
  A gnoll skeleton (D:3)
  3 goblin skeletons
  3 hobgoblin skeletons
  2 kobold skeletons
  2 orc skeletons (D:3)
  A quokka skeleton (D:3)
  5 rat skeletons
23 creatures vanquished.

Grand Total: 117 creatures vanquished

Notes
Turn   | Place    | Note
--------------------------------------------------------------
     0 | D:1      | N00bl0rd, the Deep Elf Necromancer, began the quest for the Orb.
     0 | D:1      | Reached XP level 1. HP: 10/10 MP: 5/5
     6 | D:1      | Learned a level 1 spell: Animate Skeleton
    32 | D:1      | Reached skill level 5 in Necromancy
   274 | D:1      | Reached XP level 2. HP: 10/15 MP: 6/8
   892 | D:1      | Reached XP level 3. HP: 19/19 MP: 10/12
   902 | D:1      | Learned a level 3 spell: Vampiric Draining
   906 | D:1      | Learned a level 3 spell: Regeneration
  1498 | D:2      | Found a burning altar of Makhleb.
  1540 | D:2      | Reached XP level 4. HP: 18/24 MP: 7/16
  1546 | D:2      | Learned a level 4 spell: Control Undead
  1786 | D:3      | Reached skill level 5 in Spellcasting
  1786 | D:3      | Reached skill level 6 in Necromancy
  2012 | D:3      | Reached XP level 5. HP: 21/28 MP: 1/19
  2470 | D:3      | Learned a level 4 spell: Animate Dead
  2705 | D:4      | Noticed Edmund
  2742 | D:4      | Noticed Prince Ribbit
  2745 | D:4      | Slain by Prince Ribbit

Action                   |  1- 3 |  4- 6 || total
-------------------------+-------+-------++-------
Melee: Unarmed           |     2 |     1 ||     3
       Halberd           |       |    13 ||    13
 Cast: Pain              |    75 |    80 ||   155
       Animate Skeleton  |    15 |    18 ||    33
       Vampiric Draining |     2 |     3 ||     5
       Regeneration      |     1 |     4 ||     5
       Control Undead    |       |     2 ||     2
       Animate Dead      |       |     1 ||     1
Evoke: Wand              |       |     1 ||     1
  Eat: Chunk             |     2 |     4 ||     6
